Unix NetHack Version 5.0.0-0 post-release - last build May 23 2026 06:08:33 (1c0ff79ee797540d5714e4e18072db0edd9e58ae,branch:main).

Game began 2026-05-28 01:41:29, ended 2026-05-28 02:33:17.

Brudee, neutral female human Tourist

                                   -..--
                                   ..)..........-...---.
                                  #.....................
                                  -@---...........|.....
                                  G.|                ...
                                                     ...
                                                     ...
                                                     -..--
                                                     |...-
                                                     -....-      |.|
                                                       ....-    --<|
                                                        ....-- --..|
                                                         ....*||..--
                                                        ......||.--
                                                       .......--.|
                                                       -.......%.|
                                                       .........--
                                                        ----.|.--

Brudee the Excursionist     St:9 Dx:12 Co:16 In:12 Wi:10 Ch:18  Neutral S:1998
Dlvl:3  $:23 HP:0(68) Pw:29(29) AC:7  Xp:6/407 T:3173  Satiated

Latest messages:
 You are hit by an arrow.
 You hit the dwarf.
 The dwarf zaps a wand of striking!
 The wand hits you!
 You hear the howling of the CwnAnnwn...
 Are you sure you want to pray? [yn] (n) y
 You begin praying to The Lady.
 You are surrounded by a shimmering light.
 The gnome starts to attack you, but pulls back.
 The dwarf starts to attack you, but pulls back.
 You finish your prayer.
 You feel that The Lady is well-pleased.
 You feel much better.
 You miss the dwarf.
 The dwarf zaps a wand of striking!
 The wand hits you!
 You hit the dwarf.
 The dwarf swings her broad pick.
 The dwarf hits!
 You are hit by an arrow.
 You miss the dwarf.
 You hit the dwarf.
 You are hit by an arrow.
 You miss the dwarf.
 You hit the dwarf.
 The dwarf swings her broad pick.
 The dwarf hits!
 You have no ammunition readied.
 What do you want to fire? [$ or ?*] <space>
 Never mind.
 You hit the dwarf.
 You hit the dwarf.
 The dwarf swings her broad pick.
 The dwarf hits!
 In what direction? k
 Your clumsy kick does no damage.
 The gnome picks up an arrow.
 What do you want to drink? [mwy or ?*] ?
 You feel better.
 In what direction? l
 You kick the gnome.
 You kill the gnome!
 The dwarf swings her broad pick.
 The dwarf hits!
 The dwarf swings her broad pick.
 The dwarf hits!
 The gnome hits!
 You die...
 Do you want your possessions identified? [ynq] (y) y
 Do you want to see your attributes? [ynq] (y) q

Inventory:
 Coins    ('$')
  $ - 23 gold pieces
 Armor    ('[')
  V - an uncursed +0 orcish helm (being worn)
  I - an uncursed +1 pair of speed boots (being worn)
  i - a cursed +0 Hawaiian shirt with a tropical fish motif (being worn)
 Comestibles  ('%')
  e - an uncursed slime mold
  c - 6 uncursed food rations
  s - an uncursed partly eaten food ration
  d - 2 uncursed tripe rations
 Scrolls  ('?')
  h - an uncursed scroll of identify
  n - an uncursed scroll of remove curse
 Potions  ('!')
  y - an uncursed potion of paralysis
  w - 2 uncursed potions of water
 Rings    ('=')
  Y - an uncursed ring of fire resistance
  F - an uncursed ring of levitation
 Wands    ('/')
  W - a wand of cold (0:7)
  E - a wand of magic missile (0:0)
  H - a wand of opening (0:3)
  K - a wand of undead turning (0:3)
 Tools    ('(')
  G - an uncursed blindfold
  k - an uncursed credit card
  D - a blessed crystal ball (0:4)
  j - an expensive camera (0:83)
  S - an uncursed towel
 Gems/Stones  ('*')
  p - an uncursed worthless piece of green glass

Brudee the Tourist's attributes:

Background:
 You were an Excursionist, a level 6 female human Tourist.
 You were neutral, on a mission for The Lady
 who was opposed by Blind Io (lawful) and Offler (chaotic).
 You were right-handed.
 You were in the Gnomish Mines, on level 3.
 You entered the dungeon 3173 turns ago.
 It was nighttime.
 You had 407 experience points, 233 more were needed to attain level 7.
 Your score was 1998 before end-of-game adjustments.

Basics:
 You had 0 out of 68 hit points.
 You had all 29 energy points (spell power).
 Your armor class was 7.
 Your wallet contained 23 zorkmids.
 Autopickup was on for '$!=+?/"' plus thrown.

Final Characteristics:
 Your strength was 9 (peak:10, limit:18/100).
 Your dexterity was 12 (limit:18).
 Your constitution was 16 (limit:18).
 Your intelligence was 12 (limit:18).
 Your wisdom was 10 (peak:11, limit:18).
 Your charisma was 18 (limit:18).

Final Status:
 You were satiated.
 You were unencumbered.
 You were bare handed.
 You were unskilled in bare handed combat.

Final Attributes:
 You were piously aligned.
 You were very fast.
 You are dead.

Miscellaneous:
 You didn't encounter any bones levels.
 Total elapsed playing time was 51 minutes and 47 seconds.

Major events:
 Turn
    1: Brudee the neutral female human Tourist entered the dungeon
  809: attained the rank of Sightseer (level 3)
  959: performed her first genocide (class L)
  992: stole 1508 zorkmids worth of merchandise from Chicoutimi's general store
 2761: read a Discworld novel
 2827: attained the rank of Excursionist (level 6)
 3102: entered the Gnomish Mines
 3173: killed by a gnome

Spells:
 Name                 Level Category     Fail Retention
 detect monsters        1   divination    46%  76%-100%
 protection             1   clerical      46%  76%-100%
 magic missile          2   attack       100%  76%-100%
 wizard lock            2   matter       100%  76%-100%

Skills:
 Fighting Skills
   bare handed combat [Unskilled]
   two weapon combat  [Unskilled]
   riding             [Unskilled]
 Weapon Skills
   dagger             [Unskilled]
   knife              [Unskilled]
   axe                [Unskilled]
   pick-axe           [Unskilled]
   short sword        [Unskilled]
   broadsword         [Unskilled]
   long sword         [Unskilled]
   two-handed sword   [Unskilled]
   saber              [Unskilled]
   mace               [Unskilled]
   morning star       [Unskilled]
   flail              [Unskilled]
   hammer             [Unskilled]
   quarterstaff       [Unskilled]
   polearms           [Unskilled]
   spear              [Unskilled]
   trident            [Unskilled]
   lance              [Unskilled]
   bow                [Unskilled]
   sling              [Unskilled]
   crossbow           [Unskilled]
   dart               [Skilled]
   shuriken           [Unskilled]
   boomerang          [Unskilled]
   whip               [Unskilled]
   unicorn horn       [Unskilled]
 Spellcasting Skills
   divination spells  [Unskilled]
   enchantment spells [Unskilled]
   escape spells      [Unskilled]

Voluntary challenges:
 Character rerolling was not enabled.
 You never hit with a wielded weapon.
 You genocided 4 types of monsters.
 You never polymorphed an object.
 You never changed form.
 You used no wishes.
Achievements:
 You entered a shop.
 You attained the rank of Sightseer.
 You read from a Discworld novel.
 You attained the rank of Excursionist.
 You entered the Gnomish Mines.

 The Dungeons of Doom: levels 1 to 7
    Level 1:
    Level 2:
       An armor shop.
       Stairs down to The Gnomish Mines.
    Level 3:
       A scroll shop.
    Level 4:
       A general store, a fountain.
    Level 5:
    Level 6:
       Many fountains.
       Oracle of Delphi.
    Level 7:
       An armor shop.
 The Gnomish Mines:
    Level 3: <- You were here.
       Final resting place for
          you, killed by a gnome.


Vanquished creatures:
  a small mimic
  a dingo
  2 imps
 an orc shaman
  a fog cloud
  a yellow light
  a shrieker
  a kobold mummy
  a dwarf
  a kobold leader
  2 hill orcs
  a rothe
  2 giant bats
  2 dwarf zombies
  a werejackal
 an iguana
  a gas spore
  a hobgoblin
  2 giant rats
  a cave spider
  a green mold
  6 gnomes
  2 Keystone Kops
  a garter snake
  4 jackals
  a fox
  a kobold
  3 goblins
  a sewer rat
  4 grid bugs
  3 lichens
  7 newts
59 creatures vanquished.

Genocided species:
 arch-liches
 master liches
 demiliches
 liches
4 species genocided.

Game over:
                       ----------
                      /          \
                     /    REST    \
                    /      IN      \
                   /     PEACE      \
                  /                  \
                  |      Brudee      |
                  |      23 Au       |
                  |   killed by a    |
                  |      gnome       |
                  |                  |
                  |                  |
                  |       2026       |
                 *|     *  *  *      | *
        _________)/\\_//(\/(/\)/\//\/|_)_______

Aloha Brudee the Tourist...

You died in The Gnomish Mines on dungeon level 3 with 1998 points,
and 23 pieces of gold, after 3173 moves.
You were level 6 with a maximum of 68 hit points when you died.

